Map: Inside and Out

Players

JIM - Winner!

  • Race: Terran Terran
  • League: Gold
  • Spawn Location: 1:00

MattBarry

  • Race: Zerg Zerg
  • Spawn Location: 7:00

VOD

Have the link to the VOD?

Description

Time

  • Played on: Jan. 14, 2023, 9:14 p.m.
  • Length: 3:56
Show
View Real Time Build Order
Export as new Build Order

JIM Terran - Winner!

Build Orders: 2 Factory 

Get SALT Encoding   

  12  0:01  SCV  
  13  0:13  SCV  
  14  0:20  Supply Depot  
  14  0:25  SCV  
  15  0:31  Refinery  
  15  0:44  Barracks  
  15  0:46  SCV  
  16  0:53  Refinery  
  16  0:58  SCV  
  17  1:10  SCV  
  18  1:26  Supply Depot  
  18  1:28  SCV  
  18  1:32  Marine  
  20  1:38  Factory  
  20  1:46  Orbital Command  
  20  1:52  Marine  
  20  2:13  Marine  
  21  2:31  Marine  
  21  2:34  Factory Tech Lab  
  22  2:37  Factory  
  22  2:51  Barracks Reactor  
  22  2:56  SCV  
  23  2:59  Siege Tank  
  26  3:08  Bunker, SCV  
  27  3:17  Supply Depot  
  27  3:19  Supply Depot  
  27  3:22  Factory Reactor  
  27  3:28  Marine  
  27  3:29  Marine  
Show
View Real Time Build Order
Export as new Build Order

MattBarry Zerg 

Build Orders: Pool First 

Get SALT Encoding   

  12  0:18  Spawning Pool  
  11  1:05  Zergling x4  
  11  1:06  Zergling x2  
  14  1:24  Overlord  
  14  1:41  Hatchery  
  12  2:18  Zergling x2  
  13  3:02  Spine Crawler  
  12  3:19  Spine Crawler  
  11  3:30  Spine Crawler  
Tags
 
League
Gold
Matchup
TvZ
Replay Pack
Multiplayer
Spawn Locations
Cross Positions
Add a new tag
Caveats
  • Supply blocks, unpowered buildings, or Contaminate may cause inaccurate times.
  • Supply counts are checked every 10 seconds.